 Dungeon Crawl Stone Soup version 0.31-a0-174-g85c54bcb58 (webtiles) character file.

Game seed: 13744292959706478924

47 qw the Chopper (level 3, -2/23 HPs)
             Began as a Gargoyle Fighter on June 15, 2023.
             Slain by an ogre
             ... wielding a +0 giant club
              (11 damage)
             ... on level 2 of the Dungeon.
             The game lasted 00:00:31 (1168 turns).

qw the Chopper (Gargoyle Fighter)                   Turns: 1168, Time: 00:00:32

Health: -2/23      AC: 11    Str: 21    XL:     3   Next: 70%
Magic:  3/3        EV:  9    Int:  8    God:
Gold:   104        SH:  4    Dex:  9    Spells: 2/2 levels left

rFire   . . .        Y - +1 war axe
rCold   . . .        c - +0 buckler
rNeg    + . .        b - +0 scale mail
rPois   inf          k - +0 helmet
rElec   +            (no cloak)
rCorr   .            (no gloves)
SInv    .            (no boots)
Will    .....        (no amulet) Stlth
                     (no ring)
HPRegen 0.23/turn    (no ring)
MPRegen 0.08/turn

%: no passive effects
@: no status effects
A: sickness immunity, AC +3, negative energy resistance 1, electricity
resistance, torment resistance 1, petrification resistance
a: no special abilities


You were on level 2 of the Dungeon.
You visited 1 branch of the dungeon, and saw 2 of its levels.

You collected 104 gold pieces.


Innate Abilities, Weirdness & Mutations

You are immune to sickness and miasma.
Your stone body is resilient. (AC +3)
You are immune to poison.
You resist negative energy. (rN+)
You are resistant to electric shocks. (rElec)
You are resistant to unholy torment.
You are immune to petrification.


   Skills:
 - Level 3.2 Fighting
 + Level 3.6 Axes
 - Level 3.2 Armour
 - Level 3.2 Shields


You had 2 spell levels left.
You didn't know any spells.
Your spell library was empty.

Inventory:

Hand Weapons
 l - a +0 mace
 Y - a +1 war axe (weapon)
Armour
 b - a +0 scale mail (worn)
 c - a +0 buckler (worn)
 k - a +0 helmet (worn)
Jewellery
 a - a ring of protection from fire
 f - a ring of fire
 h - a ring of ice
Scrolls
 g - 2 scrolls of identify
 j - a scroll of vulnerability {unknown}
Potions
 d - a potion of might
 e - a potion of heal wounds {unknown}
 i - a potion of curing {unknown}

Dungeon Overview and Level Annotations

Branches:
Dungeon (2/15)

Altars:


Message History

The adder barely misses you. The adder closely misses you.
You hit the adder.
The adder is heavily wounded.
You block the adder's attack.
You slash the adder!
You kill the adder!
A hobgoblin comes into view.
The hobgoblin shouts!
Enter note:
Enter note:
Enter note: The teleport trap disappears.
The hobgoblin disappears!
Found a spear.
Enter note:
Enter note:
Enter note:
Enter note:
Enter note:
Enter note: An ogre comes into view. It is wielding a +0 giant club.
The ogre shouts!
Enter note:
Enter note:
Enter note:
Enter note:
Enter note:
Enter note: You barely miss the ogre.
The ogre hits you with a +0 giant club.
You hit the ogre.
The ogre is lightly wounded.
The ogre hits you with a +0 giant club!
Ouch! That really hurt!
You hit the ogre but do no damage.
The ogre is lightly wounded.
The ogre closely misses you.
You hit the ogre.
The ogre is lightly wounded.
The ogre hits you with a +0 giant club!
You die...

#.##.##.%......##..##.#.#
#.###.#.###.#...........#
#.# ##.<# #.........#.###
#.# #..###.#.#....##.#
#.####......#.#.#.###.#
#.#....####.....#.# #.#
#.#.#### #.#.....# #.#
#.#.# ###..#....# #.#
#.#.#####..@O...... ..#
#...........#.....#
###.#####.### .....
#..)....# .... #########
... .. .


You could see an ogre.

Vanquished Creatures
  2 adders (D:2)
  A dart slug (D:1)
  2 ball pythons (D:1)
  4 endoplasms
  A giant cockroach (D:1)
  A goblin (D:1)
  3 hobgoblins
  A quokka (D:1)
  3 bats
  A frilled lizard (D:2)
  5 kobolds
  2 rats
26 creatures vanquished.

Notes
Turn   | Place    | Note
-------+----------+-------------------------------------------
     0 | D:1      | qw the Gargoyle Fighter began the quest for the Orb.
     0 | D:1      | Reached XP level 1. HP: 14/14 MP: 1/1
     0 | D:1      | 0 ||| qw: Version: 0.2-a-29-g511e9b1
     0 | D:1      | 0 ||| qw: Game counter: 5278
     0 | D:1      | 0 ||| qw: Always use a shield: true
     0 | D:1      | 0 ||| qw: God list: Okawaru
     0 | D:1      | 0 ||| qw: Allow faded altars: false
     0 | D:1      | 0 ||| qw: Do Orc after D:15 true
     0 | D:1      | 0 ||| qw: Do second Lair branch before Depths: true
     0 | D:1      | 0 ||| qw: Lair rune preference: random
     0 | D:1      | 0 ||| qw: Plans: Normal, Zot:1-4, Slime:5, God:TSO, Crypt,
                  | Tomb, Abyss, Pan, Hells, Win
     0 | D:1      | 0 ||| PLANNING D:1-11
   139 | D:1      | Reached XP level 2. HP: 19/19 MP: 2/2
   663 | D:1      | 663 ||| DROPPING +0 whip.
   818 | D:1      | 818 ||| UPGRADING to +0 helmet.
   823 | D:1      | 823 ||| READING scroll labelled RIL IKHLANTA.
   824 | D:1      | 824 ||| READING 2 scrolls labelled YXKUALL MUTO.
   825 | D:1      | 825 ||| READING scroll labelled YMNYLIUTIH.
   865 | D:2      | Reached skill level 3 in Axes
   980 | D:2      | Reached XP level 3. HP: 23/23 MP: 3/3
  1159 | D:2      | Noticed an ogre
  1168 | D:2      | Slain by an ogre

Levels and vault maps discovered:
D:1:      evilmike_arrival_rings, layout_loops_ring, bh_walls_and_bars
D:2:      layout_loops_ring, eino_tiny_chamber

Skill      XL: |  1  2 |
---------------+-------+-----
Axes           | 2 3 |  3.6
Fighting       | |  3.2
Armour         | |  3.2
Shields        | |  3.2

Action                     || total
---------------------------++-------
  Melee: War axe           ||    70
    Use: Scroll            ||     3
 Armour: Scale mail        ||    29
  Dodge: Dodged            ||    30
  Block: Buckler           ||    10

Table legend:
 A = Non-vault XP
 B = Vault XP
 C = Vault XP percentage of total XP
 D = Non-vault monster count
 E = Vault monster count
 F = Vault count percentage of total count
                 A         B        C        D         E       F
            +---------+---------+-------+---------+---------+-------
      Total |      68 |       0 |   0.0 |      26 |       0 |   0.0
            +---------+---------+-------+---------+---------+-------
        D:1 |      29 |       0 |   0.0 |      16 |       0 |   0.0
        D:2 |      39 |       0 |   0.0 |      10 |       0 |   0.0
            +---------+---------+-------+---------+---------+-------
